 Dungeon Crawl Stone Soup version 0.28-a0-1415-g7c84da036a (webtiles) character file.

Game seed: 14153193803002486852

216 southernslant the Skirmisher (level 5, -7/33 HPs)
             Began as a Gargoyle Gladiator on Jan 8, 2022.
             Mangled by Terence (10 damage)
             ... on level 2 of the Dungeon.
             The game lasted 00:04:13 (1638 turns).

southernslant the Skirmisher (Gargoyle Gladiator)   Turns: 1638, Time: 00:04:13

Health: -7/33      AC:  8    Str: 20    XL:     5   Next: 93%
Magic:  5/5        EV: 12    Int:  8    God:
Gold:   32         SH:  0    Dex: 11    Spells: 4/4 levels left

rFire   . . .      SeeInvis .   a - +0 trident
rCold   . . .      Faith    .   (no shield)
rNeg    + . .      Spirit   .   b - +0 leather armour
rPois   ∞          Reflect  .   c - +0 helmet
rElec   +          Harm     .   (no cloak)
rCorr   .          Rampage  .   (no gloves)
Will    .....                   (no boots)
Stlth   +.........              (no amulet)
HPRegen 0.11/turn               k - ring of wizardry
MPRegen 0.09/turn               (no ring)

@: no status effects
A: sickness immunity, AC +4, negative energy resistance 1, electricity
resistance, torment resistance 1, petrification resistance
a: no special abilities


You were on level 2 of the Dungeon.
You visited 1 branch of the dungeon, and saw 2 of its levels.

You collected 32 gold pieces.

Inventory:

Hand Weapons
 a - a +0 trident (weapon)
Missiles
 d - 3 throwing nets
 h - 53 stones (quivered)
Armour
 b - a +0 leather armour (worn)
 c - a +0 helmet (worn)
Jewellery
 k - a ring of wizardry (left hand)
Scrolls
 i - 2 scrolls of teleportation {unknown}
 j - a scroll of fear {unknown}
 l - a scroll of identify {unknown}
Potions
 e - 2 potions of lignification {unknown}
 f - a potion of haste {unknown}
 g - 2 potions of mutation {unknown}


   Skills:
 * Level 4.0 Fighting
 * Level 3.2 Polearms
 + Level 2.4 Throwing
 + Level 3.0 Armour
 + Level 3.0 Dodging
 + Level 0.1 Spellcasting
 + Level 0.1 Necromancy


You had 4 spell levels left.
You didn't know any spells.
Your spell library contained the following spells:

 Spells                   Type           Power      Damage    Failure   Level
 Animate Dead             Necr           0%         N/A       86%         4
 Haunt                    Necr/Summ      0%         N/A       100%        7
 Infestation              Necr           0%         N/A       100%        8


Dungeon Overview and Level Annotations

Branches:
Dungeon (2/15)

Altars:

Annotations:
D:2 Terence


Innate Abilities, Weirdness & Mutations

You are immune to sickness and miasma.
Your stone body is resilient. (AC +4)
You are immune to poison.
You resist negative energy. (rN+)
You are resistant to electric shocks. (rElec)
You are resistant to unholy torment.
You are immune to petrification.


Message History

Okay, then.
You see here a hobgoblin corpse.
There is a stone staircase leading up here.
There is a stone staircase leading down here.
There is an escape hatch in the floor here.
Terence the Incautious comes into view.
He is wielding a +3 flail of holy wrath.
Found a stone staircase leading down.
Terence shouts!
You closely miss Terence.
Terence hits you with a +3 flail of holy wrath!
You barely miss Terence. Terence barely misses you.
Terence hits you with a +3 flail of holy wrath.
You puncture Terence!
Terence is heavily wounded.
Terence hits you with a +3 flail of holy wrath!
You barely miss Terence.
Terence is heavily wounded.
Terence barely misses you.
You barely miss Terence.
Terence is heavily wounded.
Terence barely misses you.
You hit Terence.
Terence is heavily wounded.
Terence closely misses you.
You hit Terence but do no damage.
Terence is heavily wounded.
Terence misses you.
You hit Terence.
Terence is severely wounded.
Terence hits you with a +3 flail of holy wrath.
* * * LOW HITPOINT WARNING * * *
Terence misses you.
You hit Terence but do no damage.
Terence is severely wounded.
Terence hits you with a +3 flail of holy wrath.
* * * LOW HITPOINT WARNING * * *
You hit Terence but do no damage.
Terence is severely wounded.
Terence hits you with a +3 flail of holy wrath!
You die...

#.#####.########
#....#
#.########
#....#
#.........
####..>.###
##########
#.........#
#.........#
........# #@...#
#.@..# #....#
### ####.# ###
######..
#.###.###......#
#......##.####..
#####.###.# ###
#># #.# #.# #.#
#.# #.# ##


You could see Terence.

Vanquished Creatures
  Sigmund (D:2)
  2 adders (D:2)
  A worm (D:2)
  2 dart slugs (D:1)
  5 ball pythons
  4 bats
  2 endoplasms (D:2)
  2 giant cockroaches (D:1)
  A goblin (D:1)
  4 hobgoblins
  A jackal (D:2)
  A quokka (D:1)
  4 frilled lizards (D:1)
  4 kobolds
  3 rats (D:1)
37 creatures vanquished.

Notes
Turn   | Place    | Note
-------+----------+-------------------------------------------
     0 | D:1      | southernslant the Gargoyle Gladiator began the quest for
                  | the Orb.
     0 | D:1      | Reached XP level 1. HP: 12/12 MP: 1/1
    75 | D:1      | Reached XP level 2. HP: 18/18 MP: 2/2
   150 | D:1      | Reached skill level 1 in Armour
   587 | D:1      | Reached XP level 3. HP: 22/22 MP: 3/3
   813 | D:2      | Noticed Sigmund
   831 | D:2      | Killed Sigmund
   832 | D:2      | Reached skill level 3 in Fighting
   832 | D:2      | Reached XP level 4. HP: 13/29 MP: 4/4
   832 | D:2      | Reached XP level 5. HP: 14/33 MP: 5/5
  1246 | D:2      | Found a faded altar of an unknown god.
  1413 | D:2      | Reached skill level 4 in Fighting
  1626 | D:2      | Noticed Terence
  1638 | D:2      | Mangled by Terence

Illustrated notes

Levels and vault maps discovered:
D:1:      wander_arrival_desolate, layout_loops_ring
D:2:      layout_loops_ring, hellmonk_ecumenical_altar_slurped_away,
          corexii_hall_statues_u, minmay_misc_feat_cross, st_stairs_5,
          hangedman_glass_teeth, uniq_sigmund, uniq_terence

Skill      XL: |  1  2  3  4  5 |
---------------+----------------+-----
Armour         | 1 2 3 |  3.0
Fighting       | 3 4 |  4.0
Polearms       | 3 |  3.2
Throwing       | 2 |  2.4
Dodging        | 3 |  3.0
Spellcasting   | |  0.1
Necromancy     | |  0.1

Action                   |  1- 3 |  4- 6 || total
-------------------------+-------+-------++-------
Melee: Trident           |    86 |    51 ||   137
       Punch             |     2 |     2 ||     4
       Unarmed           |     5 |       ||     5
Throw: Stone             |     2 |     4 ||     6
 Stab: Sleeping          |       |     1 ||     1
Armor: Leather armour    |    23 |    11 ||    34
Dodge: Dodged            |    52 |    27 ||    79

Table legend: (Time is in decaauts)
 A = Elapsed time spent in this place.
 B = Non-inter-level travel time spent in this place.
 C = Inter-level travel time spent in this place.
 D = Time resting spent in this place.
 E = Time spent auto-exploring this place.
 F = Levels seen in this place.
 G = Mean time per level.
                   A        B        C        D        E       F      G
               +--------+--------+--------+--------+--------+-----+--------+
         Total |   1657 |   1657 |      0 |      0 |   1337 |   2 |  828.5 |
       Dungeon |   1657 |   1657 |      0 |      0 |   1337 |   2 |  828.5 |
               +--------+--------+--------+--------+--------+-----+--------+

Top non-repeatable levels by time:
     D:2: 864 daAuts
     D:1: 793 daAuts
